 Dungeon Crawl Stone Soup version 0.24.1-8-ga250c9d538 (webtiles) character file.

Game seed: 18000462943360987133, levelgen mode: deterministic

153 nightchill the Bolt Thrower (level 5, -8/32 HPs)
             Began as a Kobold Hunter on May 6, 2020.
             Killed by divine providence
             ... invoked by an orc priest
              (9 damage)
             ... on level 3 of the Dungeon.
             The game lasted 00:05:42 (3674 turns).

nightchill the Bolt Thrower (Kobold Hunter)         Turns: 3674, Time: 00:05:43

Health: -8/32      AC:  8    Str: 11    XL:     5   Next: 61%
Magic:  5/5        EV:  7    Int: 12    God:
Gold:   126        SH:  0    Dex: 15    Spells: 4/4 levels left

rFire    . . .     SeeInvis .   b - +0 short sword
rCold    . . .     Gourm    .   (shield restricted)
rNeg     . . .     Faith    .   u - +0 chain mail
rPois    .         Spirit   .   (no helmet)
rElec    .         Reflect  .   (no cloak)
rCorr    .         Harm     .   (no gloves)
MR       .....                  (no boots)
Stlth    ..........             (no amulet)
HPRegen  0.10/turn              (no ring)
MPRegen  0.09/turn              (no ring)

@: no status effects
A: small, carnivore
a: no special abilities


You were on level 3 of the Dungeon.
You were completely stuffed.

You visited 1 branch of the dungeon, and saw 3 of its levels.

You collected 126 gold pieces.

Inventory:

Hand Weapons
 a - a +1 hand crossbow
 b - a +0 short sword (weapon)
Missiles
 d - 31 bolts
 h - 96 stones (quivered)
 j - 2 throwing nets
Armour
 c - a +0 leather armour
 u - a +0 chain mail (worn)
Wands
 w - a wand of disintegration (17)
Scrolls
 e - 2 scrolls of identify {unknown}
 k - a scroll of enchant armour {unknown}
 m - a scroll of remove curse {unknown}
 n - a scroll of amnesia {unknown}
 o - 2 scrolls of random uselessness {unknown}
 q - 3 scrolls of fog {unknown}
 x - 2 scrolls of magic mapping {unknown}
Potions
 g - 2 potions of berserk rage {unknown}
 i - 2 potions of lignification {unknown}
 l - a potion of invisibility {unknown}
 r - a potion of haste {unknown}
 s - 2 potions of curing {unknown}
 t - a potion of mutation {unknown}
 v - a potion of flight {unknown}
Comestibles
 f - 6 rations


   Skills:
 + Level 3.5 Fighting
 * Level 4.4 Short Blades
 - Level 4.8 Crossbows
 - Level 2.4 Dodging
 + Level 3.6 Stealth


You had 4 spell levels left.
You didn't know any spells.
Your spell library was empty.

Dungeon Overview and Level Annotations

Branches:
Dungeon (3/15)

Altars:
Makhleb
Sif Muna


Innate Abilities, Weirdness & Mutations

You are small and have problems with some larger weapons.
You are carnivorous and can eat meat at any time.


Message History

An orc priest comes into view. It is wielding a +0 hand axe.
The orc priest hits you with a +0 war axe.
The orc hits you from afar with a +0 trident.
You hit the orc priest.
The orc priest is severely wounded.
The orc priest calls down the wrath of Beogh upon you.
Beogh smites you!
The orc priest hits you but does no damage.
You closely miss the orc priest.
The orc priest is severely wounded.
The orc hits you from afar with a +0 trident.
You hit the orc priest but do no damage.
The orc priest is severely wounded.
The orc priest calls down the wrath of Beogh upon you.
Beogh smites you!
* * * LOW HITPOINT WARNING * * *
The orc barely misses you.
The orc priest invokes the aid of Beogh against you.
Beogh smites you!
You die...

#. #. . # #. .. #. #.
#.#.#####################
.##.>......................
.........oo................
###...####o##.####.########
#.. #@##.####.######## #.
#(##.....<.......# .%
...##..#..##########.. o.
..........##........##. o
.........##..........##
........##............#
.......##..............
..#.####...............
..#. #................


You could see 2 orc priests and an orc.

Vanquished Creatures
  An orc wizard (D:3)
  4 adders
  2 oozes
  5 dart slugs
  2 leopard geckos
  2 orcs (D:3)
  11 bats
  3 giant cockroaches
  11 goblins
  8 hobgoblins
  3 jackals (D:2)
  A quokka (D:2)
  A ball python (D:3)
  2 frilled lizards
  6 kobolds
  5 rats
67 creatures vanquished.

Notes
Turn   | Place    | Note
-------+----------+-------------------------------------------
     0 | D:1      | nightchill the Kobold Hunter began the quest for the Orb.
     0 | D:1      | Reached XP level 1. HP: 12/12 MP: 1/1
    39 | D:1      | Reached skill level 1 in Short Blades
   244 | D:1      | Reached XP level 2. HP: 17/18 MP: 2/2
   485 | D:1      | Reached XP level 3. HP: 12/22 MP: 3/3
  1341 | D:2      | Reached XP level 4. HP: 27/27 MP: 4/4
  2071 | D:2      | Found a burning altar of Makhleb.
  2150 | D:2      | Found a faded altar of an unknown god.
  2429 | D:2      | Reached XP level 5. HP: 27/32 MP: 5/5
  3584 | D:3      | Found a shimmering blue altar of Sif Muna.
  3674 | D:3      | HP: 1/32 [orc priest/divine providence (13)]
  3674 | D:3      | Killed from afar by an orc priest

Levels and vault maps discovered:
D:1:      psy_arrival_terrarium, layout_basic, solitary_fountain
D:2:      layout_basic, lemuel_round_altar, chequers_ecumenical_altar_simple,
          hangedman_abyss_or_decor_stabs
D:3:      kennysheep_big_flooded_room, layout_basic, lemuel_blue_sif_altar,
          first_ration, chequers_serial_rivers_small_b, minmay_unequal

Skill      XL: |  1  2  3  4  5 |
---------------+----------------+-----
Short Blades   | 1 2 3 4 |  4.4
Stealth        | 2 3 |  3.6
Fighting       | 3 |  3.5
Crossbows      | |  4.8
Dodging        | |  2.4

Action                   |  1- 3 |  4- 6 || total
-------------------------+-------+-------++-------
Melee: Short sword       |   123 |   191 ||   314
 Stab: Sleeping          |     1 |     2 ||     3
       Distracted        |     1 |       ||     1
  Eat: Chunk             |     9 |     8 ||    17
Armor: Leather armour    |    43 |    25 ||    68
       Chain mail        |       |    50 ||    50
Dodge: Dodged            |   116 |   129 ||   245
